 Dungeon Crawl Stone Soup version 0.30-a0-367-g839099abd5 (webtiles) character file.

Game seed: 449905331903835954

12 Aramant the Magician (level 2, 0/21 HPs)
             Began as a Djinni Fire Elementalist on Nov 18, 2022.
             Slain by an adder (3 damage)
             ... on level 3 of the Dungeon.
             The game lasted 00:02:28 (222 turns).

Aramant the Magician (Djinni Fire Elementalist)      Turns: 222, Time: 00:02:28

Health: 0/21       AC:  2    Str:  7    XL:     2   Next: 45%
Gold:   0          EV: 12    Int: 16    God:
                   SH:  0    Dex: 13

rFire   + + .      SeeInvis .    (no weapon)
rCold   x . .      Faith    .    (no shield)
rNeg    . . .      Spirit   .    a - +0 robe
rPois   ∞          Reflect  .    (no helmet)
rElec   .          Harm     .    (no cloak)
rCorr   .          Rampage  .    (no gloves)
Will    .....                    (boots unavailable)
Stlth   +.........               (no amulet)
HPRegen 0.23/turn                (no ring)
MPRegen 0.00/turn                (no ring)

@: silenced (expiring), flying
A: sickness immunity, fire resistance 2, cold vulnerability 1, float, innate
caster, HP casting, extra vitality 1
a: no special abilities


You were on level 3 of the Dungeon.
You visited 1 branch of the dungeon, and saw 3 of its levels.

Inventory:

Armour
 a - a +0 robe (worn)
Potions
 b - a potion of mutation {unknown}
 c - a potion of ambrosia {unknown}
 d - a potion of cancellation {unknown}
 f - a potion of heal wounds {unknown}


   Skills:
 + Level 2.2 Dodging
 + Level 1.5 Stealth
 + Level 2.9 Spellcasting


You couldn't memorise any spells.
You knew the following spells:

 Your Spells              Type           Power      Damage    Failure   Level
a - Foxfire               Conj/Fire      44%        2x1d6     5%          1
b - Scorch                Fire           22%        2d6       9%          2
c - Kindle Blastsparks    Fire/Tloc/Air  22%        2d11      17%         3
d - Inner Flame           Hex/Fire       11%        N/A       17%         3
e - Flame Wave            Conj/Fire      11%        2d6       50%         4
Your spell library was empty.

Dungeon Overview and Level Annotations

Branches:
Dungeon (3/15)

Altars:


Innate Abilities, Weirdness & Mutations

You are immune to sickness and miasma.
You are immune to poison.
Your flesh is very heat resistant. (rF++)
You are vulnerable to cold. (rC-)
You float through the air rather than walking.
You learn spells naturally, not from books.
Your magical power is your life essence.
You have superior vitality. (+4 MHP)


Message History

You conjure some foxfire!
The adder barely misses you. The adder bites you but does no damage.
The foxfire hits the adder.
The adder is heavily wounded.
The foxfire hits the adder.
You kill the adder!
You have reached level 2!
f - a bubbling green potion
As you read the scroll labelled FIUMOTHR MUERIN, it crumbles to dust.
A profound silence engulfs you.
It was a scroll of silence.
An adder comes into view.
Found a stone staircase leading down.
You hit the adder but do no damage. The adder barely misses you.
You cannot cast spells when silenced!
The adder bites you but does no damage. The adder attacks as you move away!
The adder bites you.
There is an escape hatch in the floor here.
The adder barely misses you.
You fly downwards.
The hatch slams shut behind you. The adder bites you.
The adder barely misses you. The adder attacks as you move away!
The adder closely misses you. The adder bites you.
The adder attacks as you move away! The adder closely misses you.
The adder attacks as you move away! The adder bites you but does no damage.
The adder bites you. The adder attacks as you move away! The adder bites you.
The adder bites you. The adder attacks as you move away!
The adder barely misses you. The adder bites you but does no damage.
The adder attacks as you move away! The adder bites you. The adder bites you.
The adder closely misses you. The adder attacks as you move away!
The adder bites you. The adder attacks as you move away! The adder bites you.
* * * LOW HITPOINT WARNING * * *
The adder bites you.
* * * LOW HITPOINT WARNING * * *
Found a curved glowing staff.
Found a stone staircase leading down.
The adder bites you.
You die...

#.........#.#.#
#.........#.#.#
#...........#.#
########.####.#
#.# #.# #.# #.#
#.# #.#
######S####.#
....|...@...>#
#.##########.#


You could see an adder.

Vanquished Creatures
  An adder (D:2)
  A ball python skeleton (D:2)
  A goblin (D:2)
  A kobold (D:1)
  2 rats
6 creatures vanquished.

Vanquished Creatures (others)
  11 foxfires
11 creatures vanquished.

Grand Total: 17 creatures vanquished

Notes
Turn   | Place    | Note
-------+----------+-------------------------------------------
     0 | D:1      | Aramant the Djinni Fire Elementalist began the quest for
                  | the Orb.
     0 | D:1      | Aramant set off with the following spells memorised:
                  | Foxfire, Scorch, Kindle Blastsparks, Inner Flame, Flame
                  | Wave.
     0 | D:1      | Reached XP level 1. HP: 15/15 MP: 0/0
   188 | D:2      | Reached XP level 2. HP: 21/21 MP: 0/0
   222 | D:3      | Slain by an adder

Illustrated notes

Levels and vault maps discovered:
D:1:      ncdulo_lavacross, layout_loops_ring
D:2:      layout_loops_cross, serial_undead, serial_undead_e, serial_undead_f,
          serial_undead_e, serial_undead_b,
          shapermc_ecumenical_altar_mp_highgroup, minmay_misc_feat_pillars,
          uniq_sigmund
D:3:      layout_basic, ashenzari_altar_1, nicolae_figureground_pulse, uniq_ijyb

Action                   || total
-------------------------++-------
Melee: Unarmed           ||     1
 Cast: Foxfire           ||    10
  Use: Scroll            ||     1
Armor: Robe              ||     4
Dodge: Dodged            ||     9

Table legend: (Time is in decaauts)
 A = Elapsed time spent in this place.
 B = Non-inter-level travel time spent in this place.
 C = Inter-level travel time spent in this place.
 D = Time resting spent in this place.
 E = Time spent auto-exploring this place.
 F = Levels seen in this place.
 G = Mean time per level.
                   A        B        C        D        E       F      G
               +--------+--------+--------+--------+--------+-----+--------+
         Total |    221 |    221 |      0 |     73 |     53 |   3 |   73.7 |
       Dungeon |    221 |    221 |      0 |     73 |     53 |   3 |   73.7 |
               +--------+--------+--------+--------+--------+-----+--------+

Top non-repeatable levels by time:
     D:1: 131 daAuts
     D:2: 68 daAuts
     D:3: 21 daAuts
